Map: Para Site LE

Players

pwnography - Winner!

  • Race: Zerg Zerg
  • League: Diamond
  • Spawn Location: 11:00

Ragnarokette

  • Race: Zerg Zerg
  • League: Diamond
  • Spawn Location: 5:00

VOD

Have the link to the VOD?

Description

I'm Ragnarokette

Time

  • Played on: Dec. 21, 2018, 4:18 p.m.
  • Length: 16:45
Show
View Real Time Build Order
Export as new Build Order

pwnography Zerg - Winner!

Build Orders: Pool First, Zergling Baneling 

Get SALT Encoding   

  12  0:01  Drone  
  13  0:09  Drone  
  14  0:16  Overlord  
  14  0:35  Drone x3  
  17  0:41  Extractor  
  16  0:46  Spawning Pool  
  15  0:50  Drone  
  16  1:13  Hatchery  
  16  1:17  Drone  
  16  1:19  Drone  
  17  1:28  Drone  
  17  1:32  Overlord  
  18  1:43  Zergling x2  
  19  1:47  Queen  
  19  1:51  Zergling x2  
  22  2:02  Metabolic Boost  
  22  2:07  Drone  
  23  2:18  Zergling x2  
  24  2:24  Baneling Nest  
  24  2:25  Queen  
  24  2:29  Zergling x4  
  27  2:40  Zergling x4  
  28  2:50  Overlord  
  28  2:51  Zergling x2  
  29  2:59  Zergling x8  
  33  3:11  Zergling x6  
  36  3:29  Zergling x4  
  36  3:30  Zergling x6  
  38  3:47  Zergling x8  
  38  3:48  Zergling x4  
  40  4:02  Zergling x6  
  42  4:03  Zergling x2  
  38  4:14  Zergling x2  
  33  4:28  Zergling x6  
  33  4:29  Zergling x6  
  39  4:37  Baneling x5  
  39  4:38  Baneling x2  
  39  4:39  Baneling  
  34  5:02  Zergling x2  
  34  5:03  Zergling x12  
  36  5:17  Zergling x6  
  33  5:33  Drone x3  
  33  5:34  Roach Warren  
  35  5:41  Baneling x4  
  35  5:42  Baneling  
  35  5:53  Drone x2  
  35  5:54  Drone  
  38  6:15  Drone x5  
  38  6:16  Overlord  
  43  6:23  Lair  
  43  6:33  Extractor  
  43  6:35  Drone x3  
  43  6:36  Drone x2  
  47  6:44  Drone  
  47  6:45  Drone  
  49  6:58  Overlord x2  
  49  7:10  Hatchery  
  48  7:23  Glial Reconstitution  
  48  7:25  Hydralisk Den  
  48  7:26  Drone x5  
  48  7:27  Drone x3  
  55  7:30  Extractor  
  55  7:31  Extractor  
  55  7:35  Queen  
  55  7:43  Drone x4  
  59  7:51  Evolution Chamber  
  59  7:55  Overseer  
  58  8:00  Roach x4  
  65  8:19  Roach x3  
  67  8:24  Overlord x2  
  67  8:26  Roach x3  
  73  8:44  Drone x4  
  73  8:45  Queen  
  79  8:53  Zerg Missile Weapons Level 1  
  79  8:57  Overlord x2  
  79  9:10  Overlord  
  79  9:11  Overlord  
  79  9:15  Drone x4  
  79  9:16  Overlord x2  
  83  9:21  Grooved Spines  
  83  9:24  Evolution Chamber  
  83  9:31  Roach x5  
  92  9:39  Overseer  
  92  9:41  Hydralisk  
  92  9:42  Hydralisk x4  
  102  9:57  Roach x3  
  102  9:58  Roach x4  
  116  10:10  Roach x2  
  116  10:11  Roach x4  
  128  10:25  Roach  
  128  10:26  Roach  
  123  10:31  Overlord x2  
  116  10:42  Overlord x3  
  110  10:50  Roach x4  
  110  10:51  Roach x5  
  128  10:57  Zerg Ground Armor Level 1  
  128  11:01  Overlord  
  128  11:04  Drone  
  128  11:05  Drone x3  
  128  11:11  Extractor  
  129  11:12  Extractor  
  129  11:14  Roach  
  129  11:15  Roach x2  
  112  11:31  Roach x3  
  112  11:32  Roach x4  
  102  11:43  Roach x5  
  102  11:44  Roach  
  104  11:53  Roach x3  
  104  11:54  Roach x2  
  112  12:07  Hydralisk x4  
  112  12:08  Hydralisk  
  122  12:24  Drone x4  
  122  12:25  Drone x3  
  129  12:30  Zerg Missile Weapons Level 2  
  129  12:35  Overseer  
  129  12:37  Hydralisk x5  
  139  12:55  Drone x3, Hatchery  
  141  12:59  Roach x4  
  141  13:00  Roach  
  151  13:12  Roach  
  151  13:13  Roach x6  
  151  13:14  Roach  
  141  13:28  Roach x2  
  141  13:29  Roach x4  
  139  13:38  Roach x3  
  145  13:42  Zerg Ground Armor Level 2  
  145  13:50  Roach x5  
  117  14:10  Roach x3  
  117  14:11  Roach x7  
  117  14:12  Roach  
  131  14:31  Queen  
  131  14:36  Hydralisk  
  131  14:37  Hydralisk x7  
  131  14:38  Hydralisk  
  151  14:52  Drone x4  
  155  14:53  Drone  
  155  14:55  Extractor  
  155  14:57  Extractor  
  154  15:03  Infestation Pit  
  154  15:06  Roach x6  
  154  15:07  Roach x3  
  171  15:23  Roach x2  
  171  15:26  Overlord x2  
  171  15:27  Overlord  
  175  15:43  Overlord x5  
  175  15:46  Roach x4  
  163  16:00  Roach x7  
  161  16:10  Hydralisk x3  
  159  16:11  Hydralisk  
  145  16:19  Roach x3  
Show
View Real Time Build Order
Export as new Build Order

Ragnarokette Zerg 

Build Orders: Hatch First 

Get SALT Encoding   

  12  0:02  Drone  
  13  0:12  Overlord  
  13  0:16  Drone  
  14  0:31  Drone x2  
  16  0:50  Hatchery  
  16  0:52  Drone  
  16  0:55  Drone  
  17  0:59  Drone  
  18  1:09  Extractor  
  17  1:15  Spawning Pool  
  16  1:19  Drone  
  16  1:22  Drone  
  18  1:29  Drone  
  19  1:45  Overlord  
  19  2:07  Queen x2  
  24  2:08  Zergling x6  
  24  2:12  Drone  
  24  2:13  Metabolic Boost  
  27  2:17  Drone  
  28  2:24  Drone x2  
  30  2:34  Drone x2  
  32  2:47  Drone x2  
  34  2:55  Overlord  
  34  3:03  Hatchery  
  33  3:08  Zergling x6  
  33  3:09  Baneling Nest  
  35  3:17  Zergling x6  
  38  3:21  Overlord  
  38  3:27  Zergling x2  
  38  3:28  Zergling x4  
  38  3:33  Zergling x2  
  36  3:45  Zergling x4  
  36  3:46  Queen  
  38  3:48  Zergling x2  
  38  3:49  Zergling x2  
  38  3:51  Zergling x4  
  38  3:52  Zergling x2  
  35  3:57  Zergling x2  
  35  3:59  Zergling x2  
  30  4:05  Zergling x2  
  27  4:20  Zergling x4  
  29  4:25  Zergling x2  
  29  4:28  Baneling x3  
  30  4:41  Drone x3  
  30  4:43  Drone  
  33  5:02  Zergling x8  
  36  5:13  Zergling x4  
  36  5:17  Zergling x2  
  36  5:18  Zergling x4  
  32  5:24  Baneling x2  
  32  5:25  Baneling  
  32  5:30  Zergling x2  
  32  5:31  Zergling x2  
  34  5:44  Zergling x8  
  38  5:52  Zergling x4  
  38  5:53  Zergling x2  
  41  6:01  Drone x2  
  43  6:08  Drone x3  
  46  6:19  Baneling x3  
  46  6:20  Drone x2  
  48  6:26  Overlord  
  48  6:33  Spine Crawler  
  48  6:35  Drone  
  48  6:52  Drone x7  
  55  7:01  Roach Warren  
  55  7:02  Drone  
  55  7:15  Drone x3  
  55  7:19  Overlord  
  58  7:37  Queen  
  58  7:40  Extractor  
  58  7:43  Drone x7, Overlord  
  66  7:44  Extractor  
  66  7:49  Evolution Chamber  
  64  7:52  Evolution Chamber  
  63  8:00  Lair  
  52  8:18  Zerg Missile Weapons Level 1  
  52  8:19  Zerg Ground Armor Level 1  
  48  8:21  Roach x5  
  48  8:23  Overlord  
  58  8:45  Drone x14  
  72  8:57  Drone x2  
  72  9:01  Extractor  
  73  9:04  Extractor  
  72  9:10  Glial Reconstitution  
  72  9:11  Roach  
  72  9:12  Overlord x2  
  72  9:13  Overlord  
  74  9:22  Overlord  
  74  9:23  Overlord x2  
  74  9:30  Overlord  
  74  9:32  Roach  
  74  9:33  Roach x6  
  74  9:35  Roach  
  90  9:39  Overseer  
  90  9:41  Pneumatized Carapace  
  92  9:45  Roach  
  92  9:46  Roach x3  
  92  9:48  Roach  
  92  9:50  Roach  
  92  9:52  Roach  
  104  10:04  Roach  
  104  10:05  Roach x5  
  104  10:06  Roach  
  118  10:16  Roach x4  
  118  10:17  Roach  
  121  10:31  Roach x5  
  121  10:39  Roach  
  121  10:40  Roach  
  113  10:54  Zerg Missile Weapons Level 2  
  113  10:59  Overlord x4  
  113  11:15  Roach  
  113  11:16  Roach x7  
  113  11:36  Roach x4  
  113  11:37  Roach x5  
  119  11:42  Hatchery  
  100  11:48  Roach x6  
  104  11:59  Hydralisk Den  
  103  12:05  Overseer  
  103  12:09  Roach x9  
  121  12:17  Overlord x2  
  121  12:27  Drone x4  
  121  12:28  Drone x4  
  129  12:31  Grooved Spines  
  129  12:35  Overlord x2  
  129  12:41  Overseer  
  129  12:48  Hydralisk x4  
  135  13:05  Roach  
  135  13:06  Roach x7  
  147  13:25  Infestation Pit  
  126  13:28  Drone x7  
  126  13:30  Roach  
  126  13:31  Roach x6  
  126  13:32  Roach  
  125  13:38  Roach x3  
  125  13:40  Roach  
  123  13:42  Roach  
  125  13:51  Roach x5  
  131  13:57  Roach  
  131  13:58  Roach x3  
  131  14:03  Roach  
  131  14:04  Roach x2  
  131  14:11  Hive  
  131  14:15  Roach x4  
  131  14:16  Roach  
  141  14:26  Queen  
  143  14:33  Hydralisk x6  
  143  14:34  Hydralisk  
  157  14:47  Muscular Augments  
  157  14:53  Roach x10  
  157  14:54  Roach  
  157  14:57  Overlord  
  179  15:03  Overseer  
  179  15:06  Hydralisk x2  
  181  15:09  Overlord x2  
  183  15:29  Ultralisk Cavern  
  183  15:33  Drone x4  
  183  15:34  Drone  
  187  15:36  Extractor  
  187  15:37  Extractor  
  179  15:46  Roach  
  179  15:47  Roach x8  
  175  15:56  Roach  
  175  15:57  Roach x5  
  145  16:09  Roach x6  
  145  16:10  Roach, Zergling x4  
  145  16:11  Zergling x8  
  152  16:15  Roach x2  
  131  16:20  Roach x2  
Tags
 
Add a new tag
Caveats
  • Supply blocks, unpowered buildings, or Contaminate may cause inaccurate times.
  • Supply counts are checked every 10 seconds.